 Dungeon Crawl Stone Soup version 0.30-a0-7-g94fe547ab8 (webtiles) character file.

Game seed: 6430468490330337285

158 Plasmagod the Shooter (level 5, -13/28 HPs)
             Began as a Deep Elf Arcane Marksman on Aug 23, 2022.
             Mangled by an ogre
             ... wielding a +0 giant spiked club
              (17 damage)
             ... on level 4 of the Dungeon.
             The game lasted 00:03:29 (2304 turns).

Plasmagod the Shooter (Deep Elf Arcane Marksman)    Turns: 2304, Time: 00:03:29

Health: -13/28     AC:  4    Str:  7    XL:     5   Next: 16%
Magic:  9/9        EV: 12    Int: 18    God:
Gold:   151        SH:  0    Dex: 19    Spells: 6/7 levels left

rFire   . . .      SeeInvis .    p - +12 war axe "Mopsothuef" {freeze, Dex+2}
rCold   . . .      Faith    .    (no shield)
rNeg    . . .      Spirit   .    d - +0 leather armour
rPois   .          Reflect  .    (no helmet)
rElec   .          Harm     .    (no cloak)
rCorr   .          Rampage  .    k - +0 pair of gloves
Will    .....                    (no boots)
Stlth   +.........               (no amulet)
HPRegen 0.09/turn                (no ring)
MPRegen 0.11/turn                (no ring)

@: no status effects
A: no striking features
a: no special abilities


You were on level 4 of the Dungeon.
You visited 1 branch of the dungeon, and saw 4 of its levels.

You collected 151 gold pieces.

Inventory:

Hand Weapons
 a - a +1 sling
 p - the +12 war axe "Mopsothuef" (weapon) {freeze, Dex+2}
   (You found it on level 2 of the Dungeon)

   It freezes those it strikes, dealing additional cold damage.
   It can also slow down cold-blooded creatures.
   Dex:       It affects your dexterity (+2).
Armour
 c - a +0 robe
 d - a +0 leather armour (worn)
 k - a +0 pair of gloves (worn)
Wands
 r - a wand of polymorph (6)
Scrolls
 b - a scroll of poison
 e - a scroll of vulnerability {unknown}
 h - a scroll of brand weapon {unknown}
 i - 6 scrolls of identify {unknown}
 j - a scroll of enchant armour {unknown}
 n - 2 scrolls of teleportation {unknown}
 o - a scroll of magic mapping {unknown}
 s - 2 scrolls of fear {unknown}
 u - a scroll of acquirement {unknown}
Potions
 f - 4 potions of degeneration {unknown}
 g - 3 potions of lignification {unknown}
 l - a potion of curing {unknown}
 m - a potion of mutation {unknown}
 q - a potion of berserk rage {unknown}
 t - a potion of cancellation {unknown}
 v - a potion of brilliance {unknown}


   Skills:
 - Level 0.7 Fighting
 + Level 7.2 Ranged Weapons
 - Level 2.4 Dodging
 - Level 1.5 Spellcasting
 - Level 4.0 Hexes


You had 6 spell levels left.
You knew the following spells:

 Your Spells              Type           Power      Damage    Failure   Level
a - Slow                  Hex            60%        N/A       5%          1

Your spell library contained the following spells:

 Spells                   Type           Power      Damage    Failure   Level
 Shock                    Conj/Air       4%         1d3       28%         1
 Inner Flame              Hex/Fire       8%         N/A       36%         3
 Portal Projectile        Hex/Tloc       16%        N/A       36%         3
 Cause Fear               Hex            7%         N/A       50%         4
 Swiftness                Air            1%         N/A       65%         3
 Airstrike                Air            0%         2d(1-17)  96%         4


Dungeon Overview and Level Annotations

Branches:
Dungeon (4/15)
 Temple: D:4-7

Altars:


Message History

The hound closely misses you. The hound bites you.
You feel agile.
The +12 war axe "Mopsothuef" {freeze, Dex+2} glows with a cold blue light!
p - the +12 war axe "Mopsothuef" (weapon)
{freeze, Dex+2} A quokka comes into view.
The hound bites you but does no damage.
You hit the hound. You freeze the hound.
You kill the hound!
You slash the ball python!
The ball python seems to slow down.
You freeze the ball python.
You kill the ball python!
Your Ranged Weapons skill increases to level 7!
You have reached level 5!
The +12 war axe "Mopsothuef" {freeze, Dex+2} stops glowing.
a - a +1 sling (weapon)
You shoot a sling bullet. The sling bullet hits the quokka!
You kill the quokka!
You see here a hound corpse.
Found 7 stones.
You see here a +0 quarterstaff.
An ogre comes into view. It is wielding a +0 giant spiked club.
You see here 4 gold pieces.
You shoot a sling bullet. The sling bullet hits the ogre!
The ogre shouts!
The ogre is moderately wounded.
You shoot a sling bullet. The sling bullet hits the ogre!
The ogre is heavily wounded.
You shoot a sling bullet.
The sling bullet barely misses the ogre.
You feel agile.
The +12 war axe "Mopsothuef" {freeze, Dex+2} glows with a cold blue light!
p - the +12 war axe "Mopsothuef" (weapon)
{freeze, Dex+2} The ogre hits you with a +0 giant spiked club!!
Ouch! That really hurt!
* * * LOW HITPOINT WARNING * * *
You slash the ogre! You freeze the ogre.
The ogre is almost dead.
The ogre hits you with a +0 giant spiked club!
Ouch! That really hurt!
You die...

..#.. ..#..
(....#..... ...
#.........# # ##!..
#.........# ..
#.....#..... ...#.#
..†........ .....
...... #..###..#
##.....###...O.##
#..###..#.).@...#
....#...†.........#
.........#.....##.#
#.........##...## #
.#.........#.....#
.....#............
.
#..###..#.......#.
..
##.....###.....##
##..#.......#..###.


You could see an ogre.

Vanquished Creatures
  A hound (D:4)
  Jessica (D:2)
  5 adders
  A dart slug (D:1)
  7 ball pythons
  4 bats
  3 endoplasms
  3 giant cockroaches (D:1)
  7 goblins
  5 hobgoblins
  5 quokkas
  2 frilled lizards
  4 kobolds
  4 rats
52 creatures vanquished.

Notes
Turn   | Place    | Note
-------+----------+-------------------------------------------
     0 | D:1      | Plasmagod the Deep Elf Arcane Marksman began the quest for
                  | the Orb.
     0 | D:1      | Reached XP level 1. HP: 11/11 MP: 5/5
    28 | D:1      | Reached skill level 3 in Ranged Weapons
   107 | D:1      | Reached XP level 2. HP: 16/16 MP: 6/6
   232 | D:1      | Reached skill level 4 in Ranged Weapons
   385 | D:1      | Reached XP level 3. HP: 11/20 MP: 7/7
   573 | D:1      | Found a faded altar of an unknown god.
   925 | D:2      | Reached skill level 5 in Ranged Weapons
  1065 | D:2      | Identified the +12 war axe "Mopsothuef" {freeze, Dex+2}
  1081 | D:2      | Noticed Jessica
  1083 | D:2      | Killed Jessica
  1084 | D:2      | Reached XP level 4. HP: 24/24 MP: 8/8
  1548 | D:2      | Reached skill level 6 in Ranged Weapons
  2252 | D:4      | Reached skill level 7 in Ranged Weapons
  2252 | D:4      | Reached XP level 5. HP: 24/28 MP: 9/9
  2298 | D:4      | Noticed an ogre
  2304 | D:4      | Mangled by an ogre

Illustrated notes

Levels and vault maps discovered:
D:1:      minmay_arrival_checkered_box, layout_loops_ring,
          ebering_ecumenical_altar_rust
D:2:      layout_basic, nicolae_underground_beach, uniq_jessica
D:3:      wad_lake_hut, layout_basic, st_stairs_11
D:4:      nicolae_cairo_tiling_large_dashed, layout_basic

Skill      XL: |  1  2  3  4 |
---------------+-------------+-----
Ranged Weapons | 3 4 5 7 |  7.2
Fighting       | |  0.7
Dodging        | |  2.4
Spellcasting   | |  1.5
Hexes          | |  4.0

Action                   |  1- 3 |  4- 6 || total
-------------------------+-------+-------++-------
Melee: War axe           |       |     4 ||     4
 Fire: Sling             |   112 |    54 ||   166
Armor: Leather armour    |    13 |     7 ||    20
Dodge: Dodged            |    28 |     5 ||    33

Table legend: (Time is in decaauts)
 A = Elapsed time spent in this place.
 B = Non-inter-level travel time spent in this place.
 C = Inter-level travel time spent in this place.
 D = Time resting spent in this place.
 E = Time spent auto-exploring this place.
 F = Levels seen in this place.
 G = Mean time per level.
                   A        B        C        D        E       F      G
               +--------+--------+--------+--------+--------+-----+--------+
         Total |   2337 |   2294 |     43 |      0 |   1953 |   4 |  584.2 |
       Dungeon |   2337 |   2294 |     43 |      0 |   1953 |   4 |  584.2 |
               +--------+--------+--------+--------+--------+-----+--------+

Top non-repeatable levels by time:
     D:2: 1213 daAuts
     D:1: 758 daAuts
     D:3: 267 daAuts
     D:4: 97 daAuts
